Map: Newkirk Precinct TE (Void)

Players

HeroMarine - Winner!

  • Race: Terran Terran
  • Spawn Location: 7:00

Dayshi

  • Race: Terran Terran
  • Spawn Location: 5:00

Event: IEM XI Katowice - World Championship 2017

VOD

Have the link to the VOD?

Description

Time

  • Played on: Feb. 27, 2017, 9:08 a.m.
  • Length: 18:37

All games in this series

Show
View Real Time Build Order
Export as new Build Order

HeroMarine Terran - Winner!

Build Orders: Cyclone Opening, Bio Tank 

Get SALT Encoding   

  12  0:00  SCV  
  13  0:13  SCV  
  14  0:17  Supply Depot  
  14  0:25  SCV  
  15  0:30  Refinery  
  15  0:39  SCV  
  16  0:45  Barracks  
  16  0:51  SCV  
  17  1:03  SCV  
  18  1:15  SCV  
  20  1:32  Reaper, Orbital Command  
  20  1:44  Command Center  
  20  1:54  Factory  
  20  1:59  SCV  
  21  2:05  Refinery  
  21  2:08  Barracks Reactor  
  21  2:12  SCV  
  22  2:18  Supply Depot  
  22  2:24  SCV  
  23  2:39  SCV, Cyclone  
  27  2:45  Marine x2  
  29  2:51  SCV  
  29  2:56  Starport  
  29  2:58  Orbital Command  
  30  3:04  SCV  
  30  3:05  Marine  
  31  3:07  Marine  
  33  3:16  SCV  
  33  3:18  Cyclone  
  37  3:23  SCV  
  38  3:28  SCV  
  38  3:32  Supply Depot  
  38  3:33  Medivac  
  41  3:36  SCV  
  41  3:39  Marine x2  
  41  3:40  SCV  
  45  3:48  SCV  
  46  3:52  SCV  
  46  3:53  Cyclone  
  49  3:57  Supply Depot, Marine  
  49  3:59  Marine  
  49  4:02  SCV  
  52  4:06  Viking  
  54  4:11  Supply Depot  
  54  4:12  SCV  
  54  4:15  SCV  
  53  4:22  Marine x2  
  55  4:24  SCV  
  55  4:30  Supply Depot, SCV  
  60  4:33  Factory Tech Lab  
  60  4:36  Viking, SCV  
  60  4:40  Marine x2  
  60  4:42  SCV  
  59  4:49  SCV  
  57  4:53  Siege Tank  
  57  4:54  SCV  
  61  5:01  SCV  
  61  5:05  Marine x2  
  61  5:06  SCV  
  65  5:13  SCV  
  66  5:17  Command Center  
  66  5:18  SCV  
  67  5:23  Barracks  
  67  5:25  SCV, Barracks  
  67  5:27  Siege Tank  
  71  5:33  Barracks Tech Lab, SCV, Refinery x2  
  72  5:37  SCV  
  73  5:46  SCV  
  73  5:49  SCV  
  75  5:50  Engineering Bay  
  75  5:51  Engineering Bay  
  75  5:54  Stimpack  
  76  5:58  SCV  
  76  6:00  Starport Reactor  
  76  6:01  SCV  
  78  6:07  Supply Depot x2  
  78  6:11  Barracks Reactor  
  77  6:17  SCV, Barracks  
  78  6:18  Barracks  
  78  6:23  SCV  
  78  6:28  Marine x2  
  78  6:29  SCV  
  78  6:30  Marine  
  79  6:34  SCV  
  79  6:35  SCV  
  81  6:40  Terran Infantry Weapons Level 1  
  81  6:42  SCV  
  81  6:47  Terran Infantry Armor Level 1  
  81  6:48  SCV  
  81  6:51  Orbital Command  
  81  6:52  Marine  
  81  6:53  Marine  
  86  6:56  Siege Tank  
  86  6:57  SCV  
  86  7:00  SCV  
  86  7:01  Marine x2  
  91  7:07  Barracks Reactor  
  91  7:09  SCV  
  91  7:10  Supply Depot, Marine  
  91  7:11  Marine  
  91  7:12  SCV  
  91  7:15  Orbital Command  
  96  7:17  Barracks Reactor  
  96  7:21  SCV  
  96  7:22  Medivac x2  
  100  7:24  Marine x3  
  100  7:25  SCV  
  100  7:28  Marine  
  104  7:30  Siege Tank  
  104  7:34  SCV  
  104  7:35  Marine  
  110  7:37  Supply Depot, SCV  
  110  7:41  SCV  
  111  7:44  Marine x2  
  111  7:46  SCV  
  111  7:49  SCV  
  114  7:53  SCV  
  114  7:55  Marine x2  
  114  7:56  Combat Shields  
  117  7:59  Marine x2, Refinery  
  117  8:01  Refinery  
  117  8:02  Supply Depot, Siege Tank  
  117  8:03  Supply Depot  
  122  8:06  Supply Depot  
  122  8:09  Marine  
  122  8:10  Marine  
  122  8:11  Marine  
  125  8:16  Sensor Tower  
  125  8:23  Armory  
  125  8:24  Marine x3  
  125  8:25  Factory  
  128  8:29  Marine x4  
  128  8:30  Marine x2  
  134  8:34  Siege Tank  
  137  8:41  Marine x3  
  137  8:47  Marine x5  
  137  8:48  Marine  
  108  8:58  Medivac x2  
  108  8:59  Marine x3  
  108  9:01  SCV  
  108  9:02  SCV x2  
  114  9:05  Marine x3  
  114  9:06  Marine x2, Siege Tank  
  114  9:07  Marine  
  123  9:16  Terran Infantry Weapons Level 2, Factory Tech Lab  
  123  9:17  Marine  
  123  9:19  Supply Depot  
  123  9:20  Supply Depot  
  123  9:22  Supply Depot  
  124  9:24  Marine  
  124  9:25  Marine x4  
  124  9:26  Marine  
  124  9:27  Marine  
  124  9:28  Marine  
  124  9:29  Command Center  
  132  9:35  Marine  
  127  9:41  Siege Tank  
  127  9:43  Terran Infantry Armor Level 2, Terran Vehicle Weapons Level 1  
  127  9:45  Marine x2  
  130  9:46  Marine x2  
  130  9:47  Marine x2  
  130  9:48  Marine x2  
  130  9:50  Siege Tank  
  141  9:53  Medivac  
  141  9:54  Medivac  
  145  10:01  Marine  
  145  10:03  Marine x2  
  145  10:04  Marine x2  
  149  10:08  Marine  
  149  10:09  Marine x3  
  149  10:14  Siege Tank  
  154  10:19  Marine  
  154  10:21  Marine x2  
  155  10:22  Marine x2  
  155  10:26  Marine, Missile Turret  
  155  10:27  Siege Tank  
  155  10:28  Medivac x2  
  167  10:29  Marine  
  168  10:37  Marine x2  
  168  10:38  Marine  
  168  10:39  Marine x2  
  168  10:40  Marine  
  174  10:45  Marine  
  174  10:46  Siege Tank  
  178  10:56  Supply Depot  
  178  10:57  Supply Depot  
  178  10:58  Marine x2  
  178  10:59  Marine, Siege Tank  
  178  11:00  Marine x2  
  178  11:03  Marine  
  178  11:04  Marine x3  
  187  11:16  Marine x2  
  188  11:22  Marine  
  188  11:23  Marine x2  
  188  11:24  Planetary Fortress  
  191  11:26  Siege Tank  
  191  11:27  Marine  
  198  11:32  Siege Tank  
  198  11:35  Marine x2  
  198  11:36  Barracks  
  198  11:39  Terran Infantry Weapons Level 3  
  176  11:53  Marine x2  
  149  11:56  Marine x2  
  149  11:57  Marine x3  
  149  11:58  Marine x2, Siege Tank  
  140  12:05  Siege Tank  
  142  12:11  Marine x2  
  142  12:14  Marine x4  
  125  12:15  Marine x2  
  125  12:16  Marine  
  127  12:27  Medivac x2  
  127  12:28  Marine  
  127  12:29  Marine  
  131  12:30  Siege Tank  
  131  12:32  Marine x4  
  131  12:33  Marine x2  
  131  12:34  Marine  
  141  12:40  Siege Tank  
  139  12:46  Marine x2  
  139  12:50  Marine x4  
  139  12:51  Marine x2  
  129  12:52  Marine  
  112  13:02  Siege Tank, Medivac x2  
  112  13:04  Marine x2  
  119  13:07  Marine  
  119  13:08  Marine x2, Barracks  
  119  13:10  Marine x2  
  119  13:11  Barracks  
  124  13:13  Barracks Reactor  
  124  13:16  Siege Tank  
  127  13:21  Terran Infantry Armor Level 3  
  127  13:22  Marine  
  127  13:23  Marine  
  127  13:27  Marine  
  129  13:30  Marine  
  129  13:31  Marine  
  129  13:32  Marine  
  129  13:33  Marine  
  129  13:34  Marine, Siege Tank  
  134  13:39  Marine  
  134  13:40  Marine  
  137  13:42  Marine  
  137  13:44  Marine  
  135  13:48  Marine x2  
  135  13:49  Marine  
  135  13:50  Siege Tank  
  135  13:55  Marine  
  135  14:03  Marine x3  
  135  14:09  Marine  
  129  14:10  Marine x2  
  129  14:11  Siege Tank  
  129  14:12  Marine  
  129  14:13  Marine x3, Medivac  
  129  14:14  Marine x2, Medivac  
  142  14:21  Marine x3  
  145  14:27  Marine x2  
  145  14:28  Marine  
  145  14:29  Marine  
  145  14:30  Marine  
  145  14:31  Marine x2  
  147  14:32  Marine x2  
  147  14:33  Siege Tank  
  153  14:38  Marine  
  153  14:39  Marine x2  
  153  14:43  Siege Tank  
  153  14:45  Marine x3  
  146  14:46  Liberator x2  
  146  14:47  Marine  
  146  14:48  Marine x2  
  146  14:49  Marine  
  146  14:50  Marine x2  
  139  14:56  Marine x2  
  139  14:57  Marine  
  133  15:03  Marine  
  133  15:05  Marine x2, Siege Tank  
  145  15:08  Marine x2  
  145  15:10  Marine  
  145  15:11  Marine  
  132  15:23  Siege Tank  
  132  15:24  Marine x5  
  132  15:25  Marine x2  
  132  15:27  Marine x2  
  143  15:29  Marine  
  143  15:33  Marine x2  
  146  15:42  Marine x4  
  150  15:46  Viking x2  
  150  15:47  Marine  
  150  15:49  Marine  
  156  15:50  Marine  
  156  15:51  Marine  
  158  16:01  Marine x2  
  160  16:05  Marine  
  160  16:10  Marine x2  
  161  16:15  Marine x2  
  161  16:16  Viking x2  
  161  16:18  Siege Tank  
  165  16:21  Marine  
  165  16:22  Marine x3  
  167  16:29  Siege Tank  
  167  16:32  Marine x2  
  125  16:49  Marine x2  
  125  16:50  Marine  
  125  16:51  Marine x2  
  125  16:53  Marine x2  
  127  16:58  Marine  
  127  16:59  Marine  
  127  17:00  Marine  
  130  17:03  Marine  
  130  17:04  Marine  
  130  17:07  Marine  
  130  17:08  Marine  
  133  17:09  Marine  
  133  17:10  Marine  
  133  17:12  Marine  
  133  17:14  Marine x2  
  138  17:21  Marine x2  
  140  17:23  Marine  
  140  17:25  Marine  
  140  17:28  Siege Tank  
  145  17:32  Siege Tank  
  145  17:35  Marine x2  
  149  17:40  Marine x2  
  149  17:42  Marine x2  
  152  17:47  Orbital Command  
  133  17:54  Marine  
  133  17:55  Marine x2  
  133  17:57  Marine  
  133  17:58  Marine  
  130  18:00  Siege Tank  
  130  18:04  Marine x2  
  130  18:05  Marine  
  137  18:10  Marine x2  
  136  18:12  Marine  
  136  18:14  Marine  
Show
View Real Time Build Order
Export as new Build Order

Dayshi Terran 

Build Orders: Cyclone Opening, Reaper Expand, Bio Tank 

Get SALT Encoding   

  12  0:00  SCV  
  13  0:12  SCV  
  14  0:18  Supply Depot  
  14  0:24  SCV  
  15  0:30  Refinery  
  15  0:40  SCV  
  16  0:45  Barracks  
  16  0:52  SCV  
  17  1:04  SCV  
  18  1:16  SCV  
  19  1:32  Reaper, Orbital Command  
  20  1:44  Command Center  
  20  1:55  Factory  
  20  1:58  SCV  
  21  2:06  Supply Depot  
  21  2:08  Barracks Reactor  
  21  2:11  SCV  
  22  2:17  Refinery  
  22  2:23  SCV  
  23  2:35  SCV  
  24  2:42  Cyclone  
  24  2:44  Marine x2  
  28  2:47  SCV  
  30  2:56  Orbital Command  
  30  3:01  Marine, Starport  
  30  3:02  Marine  
  30  3:03  SCV  
  33  3:15  SCV  
  33  3:19  Cyclone  
  37  3:22  Marine x2  
  37  3:23  SCV  
  39  3:30  SCV  
  40  3:35  Supply Depot  
  40  3:40  Marine x2  
  41  3:41  Medivac  
  41  3:45  SCV x2  
  45  3:53  Factory Tech Lab  
  45  3:55  Engineering Bay  
  45  3:57  SCV  
  45  3:59  Marine x2  
  45  4:01  SCV  
  49  4:06  Supply Depot  
  49  4:09  SCV  
  50  4:11  Viking  
  49  4:20  Siege Tank, SCV  
  49  4:21  SCV  
  51  4:25  Marine  
  51  4:26  Marine  
  53  4:33  SCV  
  53  4:34  Supply Depot, SCV  
  55  4:45  SCV  
  47  4:46  Marine x2  
  47  4:47  SCV  
  47  4:50  Supply Depot  
  45  4:55  Siege Tank  
  45  4:58  SCV  
  45  4:59  SCV  
  48  5:04  Marine x2  
  50  5:13  Medivac  
  50  5:14  SCV x2  
  54  5:26  SCV x2  
  56  5:36  Barracks  
  56  5:37  Refinery x2, Barracks  
  56  5:38  Siege Tank, SCV x2, Barracks Tech Lab  
  61  5:50  SCV x2  
  61  5:53  Starport Reactor, Command Center  
  63  5:58  Marine  
  63  6:02  SCV  
  65  6:05  Stimpack  
  65  6:06  SCV  
  65  6:11  Supply Depot  
  66  6:14  SCV  
  66  6:15  Supply Depot, Siege Tank  
  66  6:18  SCV  
  71  6:19  Marine  
  72  6:26  SCV  
  72  6:30  SCV  
  73  6:35  Marine x2  
  73  6:38  SCV  
  73  6:39  Terran Infantry Weapons Level 1  
  76  6:41  Supply Depot  
  76  6:42  SCV  
  76  6:45  Starport Reactor  
  76  6:46  Marine  
  76  6:47  Marine x2  
  72  6:50  SCV  
  72  6:51  Siege Tank  
  72  6:53  Marine  
  76  6:54  SCV  
  76  6:58  Marine  
  78  7:03  SCV  
  78  7:04  Marine x2  
  78  7:05  Orbital Command  
  78  7:06  SCV  
  78  7:08  Barracks  
  82  7:10  Barracks  
  82  7:11  Marine  
  83  7:21  Medivac x2  
  83  7:22  Marine  
  88  7:23  Siege Tank  
  88  7:25  SCV x2  
  88  7:26  Marine  
  88  7:28  Orbital Command  
  94  7:31  Supply Depot  
  94  7:33  Marine x3  
  97  7:40  Marine, Supply Depot  
  97  7:43  Marine  
  98  7:47  SCV x2  
  98  7:51  Marine x3  
  100  7:54  SCV  
  100  7:55  Medivac x2  
  100  7:56  Sensor Tower  
  100  7:58  Marine  
  108  8:01  Marine, SCV x2  
  108  8:02  Supply Depot  
  113  8:05  Combat Shields  
  113  8:07  Barracks Reactor x2  
  113  8:08  Siege Tank  
  113  8:09  Marine  
  113  8:12  Marine x2  
  117  8:14  SCV x3  
  117  8:19  Supply Depot  
  120  8:21  Marine x2  
  120  8:22  Missile Turret  
  120  8:26  Marine, Medivac  
  124  8:29  Marine  
  124  8:30  Marine  
  124  8:34  Terran Infantry Armor Level 1, Supply Depot  
  127  8:39  Marine x2  
  129  8:44  Marine  
  129  8:47  Marine  
  127  8:50  Marine x2  
  108  8:56  Marine x3  
  108  8:57  Marine x2, Siege Tank  
  108  9:00  SCV x3  
  108  9:02  Marine  
  109  9:03  Refinery x2  
  109  9:05  Marine, Engineering Bay  
  109  9:06  Armory  
  109  9:07  Marine  
  109  9:08  Marine  
  112  9:13  Marine x2  
  112  9:14  Marine x2, Medivac  
  112  9:15  Marine, Medivac  
  121  9:20  Marine, Factory  
  121  9:23  Marine  
  123  9:25  Marine x2  
  128  9:31  Marine x3, Siege Tank  
  128  9:32  Marine  
  128  9:33  Marine  
  128  9:38  Marine  
  121  9:41  Marine  
  121  9:43  Marine x2  
  113  9:49  Marine x3  
  113  9:50  Marine  
  113  9:51  Marine, Bunker  
  118  9:54  Medivac  
  118  9:56  Marine, Terran Infantry Weapons Level 2  
  118  9:58  Marine  
  122  10:01  Marine x2  
  122  10:03  Siege Tank  
  125  10:07  Marine x3  
  125  10:11  Marine x2  
  125  10:12  Terran Vehicle Weapons Level 1  
  125  10:13  Marine, Factory Tech Lab  
  131  10:16  Marine  
  131  10:19  Marine x2  
  134  10:22  Supply Depot  
  134  10:25  Marine x3  
  134  10:27  Viking  
  139  10:29  Marine x2  
  139  10:31  Marine  
  139  10:34  Marine  
  139  10:35  Siege Tank  
  146  10:36  Siege Tank  
  146  10:38  Marine x2  
  151  10:42  Marine  
  151  10:43  Marine x2  
  151  10:48  Marine x2  
  151  10:49  Marine  
  157  10:51  Viking  
  159  10:57  Viking  
  159  10:58  Marine  
  162  11:07  Siege Tank  
  165  11:15  Supply Depot  
  165  11:20  Marine x5  
  165  11:21  Siege Tank  
  165  11:22  Liberator x2  
  165  11:24  Command Center  
  173  11:30  Marine  
  179  11:40  Supply Depot  
  179  11:44  Siege Tank  
  179  11:46  Marine x3  
  164  11:57  Marine x4  
  164  11:58  Siege Tank  
  167  12:04  Marine  
  167  12:05  Marine x4  
  172  12:10  Liberator x2  
  172  12:15  Marine x3  
  151  12:16  Siege Tank  
  151  12:21  Marine  
  153  12:28  Terran Infantry Weapons Level 3  
  153  12:29  Engineering Bay  
  159  12:30  Siege Tank  
  159  12:33  Marine  
  156  12:46  Marine x3  
  156  12:48  Siege Tank  
  154  12:54  Marine  
  154  12:55  Marine x3  
  145  13:00  Marine  
  145  13:01  Marine  
  145  13:04  Marine x3  
  150  13:06  Planetary Fortress  
  150  13:09  Terran Vehicle Weapons Level 2, Terran Infantry Armor Level 2  
  150  13:11  Medivac  
  152  13:13  Medivac  
  152  13:15  Marine  
  152  13:16  Marine  
  156  13:21  Marine  
  156  13:22  Marine x5  
  156  13:26  Siege Tank x2  
  168  13:28  Marine  
  168  13:33  Marine  
  168  13:34  Marine  
  170  13:39  Marine  
  165  13:47  Viking x2  
  165  13:48  Marine x3  
  156  13:49  Marine x3  
  156  13:51  Marine  
  156  13:52  Marine  
  164  13:57  Marine  
  164  13:58  Siege Tank  
  152  14:06  Marine x6  
  152  14:09  Marine x2, Siege Tank  
  156  14:15  Marine  
  157  14:17  Medivac x2  
  157  14:24  Marine x6  
  162  14:27  Marine x2  
  162  14:30  Siege Tank  
  166  14:32  Marine  
  167  14:41  Marine, Siege Tank  
  167  14:42  Marine x5  
  167  14:44  Marine  
  167  14:45  Marine  
  166  14:47  Viking  
  166  14:50  Marine  
  163  14:59  Marine  
  161  15:00  Marine x2  
  161  15:01  Marine  
  161  15:02  Marine x3  
  161  15:03  Marine, Siege Tank  
  171  15:08  Marine  
  171  15:13  Siege Tank  
  167  15:17  Marine x3  
  167  15:19  Marine x3  
  167  15:20  Marine  
  167  15:21  Marine  
  159  15:26  Marine, Medivac x2  
  155  15:35  Marine x3, Siege Tank  
  159  15:37  Marine x3, Factory  
  159  15:38  Marine x2  
  166  15:44  Marine  
  166  15:45  Siege Tank  
  170  15:53  Marine x2  
  170  15:54  Marine x2  
  170  15:55  Marine x2  
  170  15:56  Marine x2  
  178  16:02  Marine  
  177  16:07  Siege Tank  
  177  16:10  Marine  
  177  16:11  Marine x2  
  181  16:12  Marine  
  181  16:13  Marine x3  
  181  16:14  Marine  
  181  16:17  Siege Tank  
  188  16:20  Marine  
  188  16:22  Factory Tech Lab  
  182  16:28  Marine  
  182  16:29  Marine  
  182  16:33  Marine  
  182  16:37  Marine x3  
  182  16:39  Siege Tank  
  174  16:43  Marine x2  
  174  16:44  Marine  
  174  16:45  Viking x2  
  174  16:46  Marine  
  149  16:53  Marine  
  146  16:59  Siege Tank  
  146  17:00  Marine x4  
  152  17:01  Marine x3, Orbital Command  
  152  17:04  Marine  
  151  17:11  Marine, Siege Tank  
  151  17:12  Refinery  
  151  17:14  Refinery  
  153  17:18  Marine x4  
  153  17:19  Marine x3  
  153  17:22  Marine  
  161  17:29  Marine  
  162  17:31  Siege Tank  
  162  17:35  Marine  
  166  17:41  Marine  
  166  17:42  Marine x2  
  166  17:43  Siege Tank  
  169  17:48  Marine x2  
  169  17:49  Marine x2  
  122  17:52  Marine  
  122  17:53  Marine  
  95  17:59  Marine x3  
  95  18:03  Medivac  
  95  18:04  Siege Tank  
  100  18:16  Marine  

Tags
 
Add a new tag
Caveats
  • Supply blocks, unpowered buildings, or Contaminate may cause inaccurate times.
  • Supply counts are checked every 10 seconds.